AoeStats
← 死の犬

Coastal Forest

503635895Analyzed
4v4 RM · 29d ago on Sep 1, 2026· 67m 32s· 8 players
Game mode
Random Map
Map size
Large (8 player)
Population
200
Speed
Normal
Resources
Standard
Victory
Conquest
Starting age
Dark Age
Ending age
Imperial Age
RankedLock teamsTeams togetherTeam positionsShared explorationLock speedFull tech treeHidden civsTurbo modeCheats
Victory
Defeat
🇨🇳 Turks · China
724
+13
🇨🇳 Malay · China
716
+14
🇺🇸 Japanese · United States
595
+19
🇦🇷 Dravidians · Argentina
501
+23
🇨🇳 Bengalis · China
765
-22
🇨🇳 Magyars · China
748
-21
🇭🇰 Malay · Hong Kong SAR China
745
-44
🇩🇰 Teutons · Denmark
417
-7
Hitman4Hire24
0:57 Loom
13:33 Feudal Age
14:17 Double-Bit Axe
15:10 Wheelbarrow
14:23 Horse Collar
14:30 Man-at-Arms
15:02 Town Watch
15:48 Gold Mining
18:21 Stone Mining
20:41 Arson
21:48 Fishing Lines
29:35 Scale Mail Armor
30:45 Forging
30:41 Scale Barding Armor
31:04 Padded Archer Armor
30:55 Fletching
33:14 Bloodlines
36:56 Castle Age
37:50 Gillnets
39:45 Bodkin Arrow
39:50 Gambesons
死の犬
12:37 Feudal Age
15:49 Stone Mining
18:38 Loom
19:42 Town Watch
19:55 Double-Bit Axe
22:35 Gold Mining
24:19 Arson
38:53 Castle Age
39:51 Town Patrol
40:19 Bow Saw
41:25 Wheelbarrow
46:47 Hand Cart
54:11 Fortified Wall
54:21 Ballistics
53:54 Guard Tower
61:37 Imperial Age
AI
12:21 Feudal Age
17:13 Castle Age
15:02 Double-Bit Axe
35:21 Imperial Age
35:31 Bow Saw
35:03 Horse Collar
35:22 Gold Mining
38:21 Elite Janissary
39:02 Elite Janissary
41:53 Ballistics
42:25 Padded Archer Armor
42:15 Fletching
43:59 Conscription
43:54 Artillery
47:41 Wheelbarrow
47:24 Leather Archer Armor
50:26 Ring Archer Armor
49:51 Bodkin Arrow
yg13382939557
3:03 Loom
11:34 Feudal Age
20:33 Castle Age
18:25 Double-Bit Axe
19:24 Fishing Lines
19:39 Gold Mining
19:42 Stone Mining
19:35 Horse Collar
21:26 Gillnets
22:09 Husbandry
22:59 Squires
22:22 Pikeman
24:17 Forging
26:01 Scale Barding Armor
26:47 Bow Saw
32:59 Imperial Age
31:59 Gold Shaft Mining
33:29 Wheelbarrow
32:40 Town Watch
35:12 Iron Casting
34:59 Hand Cart
37:18 Blast Furnace
38:13 Fletching
39:19 Elite Battle Elephant
46:31 Elite Skirmisher
47:10 Bodkin Arrow
47:16 Padded Archer Armor
49:48 Thumb Ring
50:31 Man-at-Arms
52:33 Long Swordsman
53:21 Two-Handed Swordsman
55:22 Medium Warships
56:06 Forced Levy
56:09 Thalassocracy
56:31 Conscription
56:40 Bracer
fight for your rights
3:16 Loom
12:47 Feudal Age
14:19 Horse Collar
16:17 Double-Bit Axe
18:27 Wheelbarrow
19:53 Town Watch
20:17 Fishing Lines
28:04 Stone Mining
32:19 Castle Age
31:51 Scale Barding Armor
32:55 Gillnets
38:17 Hand Cart
39:01 Bow Saw
46:25 Imperial Age
44:00 Town Patrol
44:59 Guard Tower
45:30 Heavy Plow
47:06 Chain Barding Armor
48:41 Plate Barding Armor
47:34 Cavalier
48:21 Caravan
50:06 Crop Rotation
49:41 Scale Mail Armor
49:54 Forging
52:22 Redemption
52:13 Atonement
52:27 Fervor
52:38 Sanctity
52:41 Devotion
53:07 Illumination
53:30 Block Printing
53:52 Theocracy
56:00 Chain Mail Armor
56:21 Iron Casting
57:30 Plate Mail Armor
59:29 Blast Furnace
58:15 Pikeman
58:45 Arson
59:09 Squires
58:58 Gambesons
61:03 Bloodlines
62:01 Two-Man Saw
61:36 Halberdier
63:56 Faith
66:59 Elite Teutonic Knight
68:03 Ironclad
鬼祟君_HK
13:51 Feudal Age
14:32 Loom
15:23 Wheelbarrow
17:57 Town Watch
19:24 Forging
19:48 Horse Collar
23:48 Castle Age
23:01 Double-Bit Axe
23:12 Gold Mining
24:57 Heavy Plow
24:31 Pikeman
31:13 Iron Casting
32:04 Elite Skirmisher
32:45 Fletching
33:26 Hand Cart
35:21 Murder Holes
36:07 Squires
38:40 Imperial Age
39:07 Town Patrol
39:08 Bodkin Arrow
39:38 Conscription
45:01 Halberdier
47:36 Blast Furnace
48:25 Elite Karambit Warrior
49:18 Scale Barding Armor
51:55 Masonry
56:26 Bracer
58:04 Padded Archer Armor
小菜机
12:12 Feudal Age
19:50 Castle Age
24:42 Fishing Lines
27:41 Gillnets
41:48 Imperial Age
41:56 Imperial Age
52:20 Squires
51:41 Pikeman
54:43 Halberdier
56:02 Fletching
56:13 Padded Archer Armor
56:24 Forging
56:15 Scale Mail Armor
56:51 Elite Skirmisher
58:04 Leather Archer Armor
57:45 Bodkin Arrow
60:59 Bracer
64:30 Ring Archer Armor
64:36 Iron Casting
64:18 Chain Mail Armor
顺风打工人
2:18 Loom
10:52 Feudal Age
17:20 Castle Age
15:59 Scale Barding Armor
16:21 Bloodlines
17:47 Double-Bit Axe
26:11 Horse Collar
27:15 Heavy Plow
27:41 Bow Saw
29:27 Light Cavalry
31:46 Wheelbarrow
33:07 Gold Mining
33:08 Stone Mining
34:28 Hand Cart
35:00 Chain Barding Armor
34:55 Fishing Lines
35:23 Town Watch
36:12 Husbandry
39:26 Imperial Age
36:56 Gillnets
37:01 Fletching
37:12 Padded Archer Armor
37:12 Scale Mail Armor
38:07 Gold Shaft Mining
38:28 Bodkin Arrow
38:48 Leather Archer Armor
38:39 Town Patrol
39:18 Medium Warships
39:23 Careening
39:24 Clinker Construction
39:35 Ballistics
39:11 Murder Holes
39:27 Masonry
39:42 Treadmill Crane
39:48 Cavalier
41:21 Plate Barding Armor
42:12 Ring Archer Armor
41:58 Chain Mail Armor
42:57 Crop Rotation
43:31 Two-Man Saw
42:59 Heavy Warships
42:18 Paladin
42:20 Hussar
44:13 Coinage
43:43 Caravan
44:38 Heavy Warships
44:19 Bracer
44:43 Shipwright
44:54 Dry Dock
44:48 Corvinian Army
45:11 Conscription
44:23 Elite Magyar Huszar
47:42 Hoardings
Connection lost

Rejoining the realm…

Still unreachable

The connection could not be restored.

Session expired

The server has moved on; the page needs a fresh start.